 Dungeon Crawl Stone Soup version 0.18.1-8-gdd0e5ea (webtiles) character file.

250 georgeearnest the Ducker (level 5, -5/48 HPs)
             Began as a Deep Dwarf Warper on May 21, 2016.
             Was an Initiate of Ru.
             Killed by divine providence
             ... invoked by an orc priest
              (14 damage)
             ... on level 4 of the Dungeon.
             The game lasted 00:09:06 (2090 turns).

georgeearnest the Ducker (Deep Dwarf Warper)        Turns: 2090, Time: 00:09:07

Health: -5/48      AC: 36    Str: 15    XL:     5   Next: 88%
Magic:  7/7        EV:  7    Int: 14    God:    Ru [......]
Gold:   112        SH:  0    Dex: 12    Spells: 1 memorised, 6 levels left

rFire  . . .     SeeInvis .     a - +0 falchion
rCold  . . .     Gourm    .     A - +27 Lear's hauberk
rNeg   . . .     Faith    .     (no shield)
rPois  .         Spirit   .     (helmet currently unavailable)
rElec  .         Dismiss  .     (no cloak)
rCorr  .         Reflect  .     (gloves currently unavailable)
SustAt .         Harm     .     (boots currently unavailable)
MR     .....     Rnd*Tele +     (no amulet)
Stlth  ..........               (no ring)
                                s - ring of teleportation (curse)

@: non-regenerating, not resistant to hostile enchantments, extremely unstealthy
A: damage resistance, recharge devices, sense surroundings 1, slow regeneration
3
a: Device Recharging, Renounce Religion


You were on level 4 of the Dungeon.
You worshipped Ru.
Ru was noncommittal.
You were not hungry.

You visited 1 branch of the dungeon, and saw 3 of its levels.

You collected 112 gold pieces.

Inventory:

Hand Weapons
 a - a +0 falchion (weapon)
Missiles
 e - a tomahawk of dispersal (quivered)
Armour
 b - a +0 leather armour
 n - a +0 helmet
 z - a +0 plate armour
 A - the +27 Lear's hauberk (worn)
   (You found it on level 4 of the Dungeon)
Jewellery
 s - a cursed ring of teleportation (left hand)
Wands
 f - a wand of heal wounds (0/9)
Scrolls
 d - a scroll of blinking
 g - 2 scrolls of recharging {unknown}
 i - 2 scrolls of remove curse
 k - a scroll of enchant armour {unknown}
 l - a scroll of noise {unknown}
 q - a scroll of fear {unknown}
 r - 3 scrolls of identify {unknown}
 v - a scroll of enchant weapon {unknown}
 y - a scroll of magic mapping {unknown}
Potions
 h - a potion of brilliance {unknown}
 j - a potion of cure mutation {unknown}
 m - a potion of degeneration {unknown}
 t - a potion of curing {unknown}
 u - 3 potions of flight {unknown}
 w - a potion of resistance {unknown}
 x - 2 potions of heal wounds {unknown}
Books
 c - a book of Spatial Translocations

   Spells                             Type                      Level
   a - Apportation                    Translocation                1
   b - Blink                          Translocation                2
   c - Shroud of Golubria             Charms/Translocation         2
   d - Portal Projectile              Translocation                3
   e - Teleport Other                 Translocation                3
   f - Passage of Golubria            Translocation                4
 p - a book of Enchantments

   Spells                             Type                      Level
   a - Cause Fear                     Hexes                        4
   b - Yara's Violent Unravelling     Hexes/Transmutation          5
   c - Silence                        Hexes/Air                    5
   d - Deflect Missiles               Charms/Air                   6
   e - Haste                          Charms                       6
   f - Discord                        Hexes                        8
Comestibles
 o - 3 fruits
 B - a bread ration


   Skills:
 + Level 2.8 Fighting
 + Level 3.0 Long Blades
 + Level 0.8 Throwing
 + Level 2.9 Armour
 + Level 4.0 Dodging
 + Level 1.1 Stealth
 + Level 1.9 Spellcasting
 + Level 3.8 Translocations
 + Level 0.3 Evocations


You had 6 spell levels left.
You knew the following spells:

 Your Spells              Type           Power        Failure   Level  Hunger
a - Apportation           Tloc           ##........   92%         1    ##.....


Dungeon Overview and Level Annotations

Branches:
Dungeon (4/15)
 Temple: D:4-7

Altars:
Ashenzari
Ru
Vehumet

Shops:
D:4 }


Innate Abilities, Weirdness & Mutations

You are resistant to damage.
You can recharge devices by infusing magical energy.
You passively map a small area around you.
You do not regenerate naturally.


Message History

Aim: an orc priest, wielding a hand axe You throw a tomahawk of dispersal.
The tomahawk of dispersal barely misses the orc priest.
You hit the orc priest.
The orc priest is lightly wounded.
The orc priest hits you but does no damage.
You closely miss the orc priest.
The orc priest is lightly wounded.
The orc priest hits you but does no damage.
Your Lear's hauberk prevents you from hitting the orc priest.
The orc priest is lightly wounded.
The orc priest calls down the wrath of Beogh upon you.
Beogh smites you!
* * * LOW HITPOINT WARNING * * *
You closely miss the orc priest.
The orc priest is lightly wounded.
The orc priest hits you but does no damage.
The orc priest calls down the wrath of Beogh upon you.
Beogh smites you!
You die...

......## #.$#### *
*.......###..$..#
.............∩$# ** #
, #.....##...$# .## <
*##....#* #?# #..# *
#..##.....# #.# #..*
*#........# #.# #.. *
* #######..## #.###.#
* , ####
##.@o####.##.# ## *,,
...* ##..#..o.)....#
##. *#.#
##.#####..##...#####..
###..##.##
######......[##
#.......# ######### *
#####.#####***
*#.........# *
#.###.###.#* # ##.## #
* ########


You could see an orc priest and an orc.

Vanquished Creatures
  2 ogres (D:4)
  An orc wizard (D:4)
  An adder (D:4)
  A shadow imp (D:4)
  An ooze (D:2)
  An adder skeleton (D:4)
  2 dart slugs
  A giant gecko (D:1)
  5 orcs (D:4)
  A giant cockroach (D:2)
  2 goblins
  3 hobgoblins
  4 jackals
  3 quokkas
  A bat (D:1)
  2 kobolds
  7 rats
38 creatures vanquished.

Notes
Turn   | Place    | Note
--------------------------------------------------------------
     0 | D:1      | georgeearnest the Deep Dwarf Warper began the quest for the Orb.
     0 | D:1      | Reached XP level 1. HP: 19/19 MP: 3/3
   305 | D:1      | Reached XP level 2. HP: 20/26 MP: 4/4
  1319 | D:2      | Reached XP level 3. HP: 32/32 MP: 5/5
  1457 | D:2      | Found a sacrificial altar of Ru.
  1468 | D:2      | Became a worshipper of Ru the Awakened
  1613 | D:2      | You fall through a shaft for 2 floors!
  1613 | D:4      | Noticed an ogre
  1635 | D:4      | Killed an ogre
  1635 | D:4      | Reached skill level 3 in Dodging
  1635 | D:4      | Reached skill level 1 in Stealth
  1635 | D:4      | Reached XP level 4. HP: 40/40 MP: 6/6
  1702 | D:4      | Found a shattered altar of Ashenzari.
  1787 | D:4      | Found a radiant altar of Vehumet.
  1835 | D:4      | Found Archits's Gadget Shoppe.
  1885 | D:4      | Reached XP level 5. HP: 37/46 MP: 7/7
  1955 | D:4      | Noticed an ogre
  1977 | D:4      | Killed an ogre
  1977 | D:4      | Reached skill level 4 in Dodging
  2090 | D:4      | Killed from afar by an orc priest

Skill      XL: |  1  2  3  4  5 |
---------------+----------------+-----
Fighting       | 2 |  2.8
Armour         | 2 |  2.9
Dodging        | 3 4 |  4.0
Stealth        | 1 |  1.1
Long Blades    | 3 |  3.0
Throwing       | |  0.8
Spellcasting   | |  1.9
Translocations | |  3.8
Evocations     | |  0.3

Action                   |  1- 3 |  4- 6 || total
-------------------------+-------+-------++-------
Melee: Falchion          |    93 |   100 ||   193
Throw: Tomahawk          |       |     4 ||     4
Evoke: Wand              |     2 |     3 ||     5
  Use: Scroll            |     1 |       ||     1
 Stab: Sleeping          |     1 |       ||     1
  Eat: Bread ration      |     1 |       ||     1
Armor: Leather armour    |    22 |     5 ||    27
       Chain mail        |       |    88 ||    88
Dodge: Dodged            |    61 |    47 ||   108
